 Dungeon Crawl Stone Soup version 0.24.0-125-gc4c63601f3 (webtiles) character file.

Game seed: 13213625141837660443, levelgen mode: deterministic

88 H0rd4k the Charlatan (level 4, -1/32 HPs)
             Began as a Human Artificer on Mar 11, 2020.
             Slain by an orc wizard
             ... wielding a +1 dagger of electrocution
              (18 damage)
             ... on level 3 of the Dungeon.
             The game lasted 00:02:33 (2229 turns).

H0rd4k the Charlatan (Human Artificer)              Turns: 2229, Time: 00:02:33

Health: -1/32      AC:  4    Str: 14    XL:     4   Next: 81%
Magic:  6/6        EV: 13    Int: 16    God:
Gold:   66         SH:  0    Dex: 13    Spells: 3/3 levels left

rFire    x . .     SeeInvis .   a - +0 short sword
rCold    + . .     Gourm    .   (no shield)
rNeg     . . .     Faith    .   b - +0 leather armour
rPois    .         Spirit   .   (no helmet)
rElec    .         Reflect  .   (no cloak)
rCorr    .         Harm     .   l - +0 pair of gloves
MR       .....                  (no boots)
Stlth    +.........             j - amulet of magic regeneration
HPRegen  0.10/turn              g - ring of ice
MPRegen  0.35/turn              (no ring)

@: brilliant
A: no striking features
a: no special abilities


You were on level 3 of the Dungeon.
You were not hungry.

You visited 1 branch of the dungeon, and saw 3 of its levels.

You collected 66 gold pieces.

Inventory:

Hand Weapons
 a - a +0 short sword (weapon)
Missiles
 r - 5 silver javelins (quivered)
Armour
 b - a +0 leather armour (worn)
 l - a +0 pair of gloves (worn)
 n - a scarf of repulsion
Jewellery
 g - a ring of ice (left hand)
 j - an amulet of magic regeneration (around neck)
 o - a cursed amulet of inaccuracy {unknown}
Wands
 c - a wand of flame (10)
 d - a wand of enslavement (12)
 e - a wand of random effects (13)
Scrolls
 i - a scroll of enchant armour {unknown}
 m - a scroll of random uselessness {unknown}
 q - 2 scrolls of blinking {unknown}
Potions
 p - a potion of flight {unknown}
Comestibles
 f - 4 rations


   Skills:
 + Level 1.4 Fighting
 + Level 1.5 Short Blades
 + Level 1.4 Armour
 + Level 3.1 Dodging
 + Level 1.2 Stealth
 + Level 3.6 Evocations


You had 3 spell levels left.
You didn't know any spells.
Your spell library was empty.

Dungeon Overview and Level Annotations

Branches:
Dungeon (3/15)

Altars:


Message History

* * * LOW HITPOINT WARNING * * *
You miss something.
You hear some strange, mumbled words.
A magic dart appears from out of thin air!
The magic dart hits you.
* * * LOW HITPOINT WARNING * * *
You closely miss something. Something hits you.
* * * LOW HITPOINT WARNING * * *
It was a potion of brilliance.
You feel clever all of a sudden. Something hits you.
* * * LOW HITPOINT WARNING * * *
It was a potion of curing.
You feel better.
You hear some strange, mumbled words.
You are confused.
Evoke which item? (* to show all) (? for menu, Esc to quit)
You're too confused!
You feel better. Something hits you.
You are electrocuted!!
Ouch! That really hurt!
You die...

###..(....##...#
..............#
#........#...#
#.......#.....
#.........####
#.......######
.......#......<..
##########........#
#.@{.).)......#####
........#######...###
..####### .....##
.##..# . #..# #...
#.... ..##.


There were no monsters in sight!

Vanquished Creatures
  2 adders (D:2)
  3 oozes (D:2)
  A dart slug (D:2)
  An orc (D:3)
  5 bats
  4 giant cockroaches
  8 goblins
  5 hobgoblins
  3 jackals (D:1)
  9 kobolds
  2 ball pythons
  4 frilled lizards
  2 rats
49 creatures vanquished.

Vanquished Creatures (collateral kills)
  A jackal (D:1)
1 creature vanquished.

Vanquished Creatures (others)
  An adder (D:3)
  An orc (D:3)
2 creatures vanquished.

Grand Total: 52 creatures vanquished

Notes
Turn   | Place    | Note
-------+----------+-------------------------------------------
     0 | D:1      | H0rd4k the Human Artificer began the quest for the Orb.
     0 | D:1      | Reached XP level 1. HP: 15/15 MP: 3/3
    76 | D:1      | Reached XP level 2. HP: 13/21 MP: 4/4
   852 | D:1      | Reached XP level 3. HP: 26/26 MP: 5/5
  1396 | D:2      | Reached skill level 1 in Armour
  1448 | D:2      | Reached XP level 4. HP: 18/32 MP: 6/6
  2226 | D:3      | HP: 1/32 [something (1)]
  2229 | D:3      | Slain by an orc wizard

Levels and vault maps discovered:
D:1:      scummos_arrival_star, layout_basic
D:2:      layout_basic, first_ration
D:3:      layout_rooms

Skill      XL: |  1  2  3  4 |
---------------+-------------+-----
Armour         | 1 |  1.4
Dodging        | 3 |  3.1
Fighting       | |  1.4
Short Blades   | |  1.5
Stealth        | |  1.2
Evocations     | |  3.6

Action                   |  1- 3 |  4- 6 || total
-------------------------+-------+-------++-------
Melee: Short sword       |   155 |    54 ||   209
Evoke: Wand              |     1 |     9 ||    10
  Use: Potion            |       |     3 ||     3
 Stab: Sleeping          |     1 |       ||     1
  Eat: Chunk             |     1 |     1 ||     2
       Ration            |       |     1 ||     1
Armor: Leather armour    |    46 |    10 ||    56
Dodge: Dodged            |   107 |    42 ||   149
